 Dungeon Crawl Stone Soup version 0.17.1-3-g152610e (webtiles) character file.

801 Peloso the Covered (level 7, -3/61 HPs)
             Began as a Minotaur Fighter on Mar 27, 2016.
             Slain by a giant frog (7 damage)
             ... in a sewer.
             The game lasted 00:10:09 (3807 turns).

Peloso the Covered (Minotaur Fighter)               Turns: 3807, Time: 00:10:09

Health: -3/61      AC: 10    Str: 20    XL:     7   Next: 59%
Magic:  6/6        EV:  9    Int:  5    God:
Gold:   237        SH: 10    Dex: 12    Spells: 0 memorised, 6 levels left

rFire  + . .     SeeInvis .     a - +0 long sword
rCold  . . .     Clarity  .     b - +0 scale mail
rNeg   . . .     SustAt   .     c - +0 shield
rPois  .         Gourm    .     (helmet restricted)
rElec  .         Spirit   .     (no cloak)
rCorr  .         Warding  .     r - +0 pair of gloves
rMut   .         Stasis   .     w - +0 pair of boots
MR     +....                    (no amulet)
Stlth  ..........               q - ring of protection from fire
                                k - ring of protection from magic

@: somewhat resistant to hostile enchantments, extremely unstealthy
A: retaliatory headbutt, horns 2
a: no special abilities


You were in a sewer.
You were not hungry.

You visited 1 branch of the dungeon, and saw 4 of its levels.
You also visited: Sewer.

You collected 237 gold pieces.

Inventory:

Hand Weapons
 a - a +0 long sword (weapon)
Armour
 b - a +0 scale mail (worn)
 c - a +0 shield (worn)
 r - a +0 pair of gloves (worn)
 w - a +0 pair of boots (worn)
Jewellery
 k - a ring of protection from magic (left hand)
 q - a ring of protection from fire (right hand)
 y - an uncursed ring of sustain attributes {unknown}
 F - an uncursed amulet of guardian spirit {unknown}
 G - an uncursed ring of poison resistance {unknown}
Scrolls
 g - a scroll of enchant weapon {unknown}
 h - a scroll of remove curse {unknown}
 i - 2 scrolls of immolation {unknown}
 j - 2 scrolls of blinking {unknown}
 m - 3 scrolls of random uselessness {unknown}
 n - 2 scrolls of teleportation {unknown}
 s - 2 scrolls of recharging {unknown}
 x - 3 scrolls of identify {unknown}
 C - a scroll of enchant armour {unknown}
 E - 2 scrolls of fear {unknown}
 H - a scroll of amnesia {unknown}
 I - a scroll of fog {unknown}
Potions
 t - a potion of degeneration {unknown}
 u - 3 potions of heal wounds {unknown}
 v - a potion of invisibility {unknown}
 z - a potion of beneficial mutation {unknown}
 B - a potion of berserk rage {unknown}
 J - 2 potions of magic {unknown}
Books
 D - a book of Cantrips

   Spells                             Type                      Level
   a - Corona                         Hexes                        1
   b - Animate Skeleton               Necromancy                   1
   c - Summon Small Mammal            Summoning                    1
   d - Apportation                    Translocation                1
Comestibles
 d - 2 chunks of flesh
 e - 4 bread rations
 f - 2 slices of pizza
 l - a meat ration
 p - a beef jerky
 A - a royal jelly


   Skills:
 + Level 5.2 Fighting
 + Level 4.6 Long Blades
 + Level 6.4 Armour
 + Level 3.7 Dodging
 + Level 0.5 Stealth
 + Level 6.1 Shields


You had 6 spell levels left.
You didn't know any spells.

Dungeon Overview and Level Annotations

Branches:
Dungeon (4/15)
 Temple: D:4-7

Altars:
Ru
Zin


Innate Abilities, Weirdness & Mutations

You reflexively headbutt those who attack you in melee.
You have a pair of horns on your head.


Message History

The adder barely misses you. The ball python bites you.
* * * LOW HITPOINT WARNING * * *
The ball python constricts you. The giant frog hits you.
* * * LOW HITPOINT WARNING * * *
The adder bites you.
* * * LOW HITPOINT WARNING * * *
You escape the ball python's grasp.
The giant frog barely misses you. You furiously retaliate!
You headbutt the giant frog! You block the giant frog's attack.
You block the adder's attack. You block the giant frog's attack.
You block the adder's attack. You block the ball python's attack.
You block the ball python's attack.
The giant frog hits you but does no damage.
The adder bites you but does no damage.
The ball python bites you but does no damage.
The ball python closely misses you. The giant frog hits you.
* * * LOW HITPOINT WARNING * * *
The adder bites you but does no damage. The giant frog hits you!
You die...

########################
##....≈≈≈≈≈≈≈≈≈≈≈≈≈≈≈≈..###
#.....≈≈≈≈≈≈F@≈≈≈≈≈≈≈≈≈...##
#.....≈≈≈†≈SS≈≈≈≈≈≈≈≈≈.....##
#....≈≈≈≈≈≈≈≈≈≈≈≈≈≈≈†≈≈.†...#
#.....≈≈≈≈≈≈≈≈≈≈≈≈≈≈≈≈......##
##....≈≈≈≈≈≈≈≈≈≈≈≈≈≈≈≈≈......#
#+#####################.....#
####....# #..'..... #..##....


You could see a giant frog, an adder and a ball python.

Vanquished Creatures
  The ghost of shizyaka the Covered, a novice HaFi (D:4)
  A giant frog (Sewer)
  An orc priest (D:3)
  Natasha (twice) (D:2)
  Robin (D:2)
  4 gnolls (D:4)
  5 river rats (Sewer)
  5 adders
  4 oozes
  4 worms (D:3)
  A giant gecko (D:2)
  5 orcs
  14 ball pythons
  2 giant cockroaches
  9 hobgoblins
  14 jackals
  5 kobolds
  5 quokkas
  7 bats
  4 giant newts
  17 goblins
  A jackal zombie (D:1)
  A quokka zombie (D:1)
  37 rats
150 creatures vanquished.

Notes
Turn   | Place    | Note
--------------------------------------------------------------
     0 | D:1      | Peloso the Minotaur Fighter began the quest for the Orb.
     0 | D:1      | Reached XP level 1. HP: 19/19 MP: 0/0
   268 | D:1      | Reached XP level 2. HP: 21/27 MP: 1/1
   422 | D:1      | Reached skill level 4 in Fighting
   948 | D:2      | Reached XP level 3. HP: 33/33 MP: 2/2
   982 | D:2      | Found a glowing silver altar of Zin.
  1087 | D:2      | Noticed Robin
  1108 | D:2      | Killed Robin
  1108 | D:2      | Reached skill level 1 in Dodging
  1438 | D:2      | Noticed Natasha
  1446 | D:2      | Killed Natasha
  1446 | D:2      | Reached XP level 4. HP: 30/41 MP: 3/3
  1608 | D:2      | Noticed Natasha
  1613 | D:2      | Killed Natasha
  1926 | D:3      | Found a sacrificial altar of Ru.
  1992 | D:3      | Reached XP level 5. HP: 3/47 MP: 4/4
  2791 | D:4      | Reached skill level 5 in Armour
  3184 | D:4      | Noticed shizyaka's ghost (novice HaFi)
  3188 | D:4      | Reached skill level 5 in Shields
  3192 | D:4      | Found a glowing drain.
  3208 | D:4      | Killed shizyaka's ghost
  3208 | D:4      | Reached skill level 5 in Fighting
  3208 | D:4      | Reached skill level 6 in Armour
  3208 | D:4      | Reached XP level 6. HP: 36/56 MP: 5/5
  3208 | D:4      | Reached XP level 7. HP: 39/61 MP: 6/6
  3226 | Sewer    | Entered a sewer
  3807 | Sewer    | Slain by a giant frog

Action                   |  1- 3 |  4- 6 |  7- 9 || total
-------------------------+-------+-------+-------++-------
Melee: Long sword        |   105 |   143 |   110 ||   358
  Use: Potion            |       |     1 |     3 ||     4
  Eat: Chunk             |     2 |     5 |     3 ||    10
